 Dungeon Crawl Stone Soup version 0.31-a0-549-gf98fd537a9 (webtiles) character file.

Game seed: 3074317410905406664

11823 AdnanSaban the Basher (level 11, -3/71 HPs)
             Began as a Gargoyle Fighter on Aug 16, 2023.
             Was a High Priest of Okawaru.
             Slain by a white ugly thing (12 damage)
             ... on level 11 of the Dungeon.
             The game lasted 00:13:31 (10690 turns).

AdnanSaban the Basher (Gargoyle Fighter)           Turns: 10690, Time: 00:13:32

Health: -3/71      AC: 33    Str: 31    XL:     11   Next: 83%
Magic:  11/11      EV:  8    Int: 14    God:    Okawaru [*****.]
Gold:   514        SH:  5    Dex:  9    Spells: 10/10 levels left

rFire   . . .        C - +1 flail (drain)
rCold   . . .        c - +0 buckler
rNeg    + + .        D - +0 plate armour
rPois   ∞            p - +2 helmet
rElec   +            (no cloak)
rCorr   .            L - +1 pair of gloves "Buthrute" {rN+ Int+6}
SInv    .            O - +0 pair of boots
Will    .....        (no amulet) Stlth
                     o - +4 ring of protection
HPRegen 0.31/turn    K - +6 ring of strength
MPRegen 0.12/turn

%: no passive effects
@: no status effects
A: sickness immunity, AC +8, negative energy resistance 1, electricity
resistance, torment resistance 1, petrification resistance
a: Renounce Religion, Heroism, Finesse, Duel


You were on level 11 of the Dungeon.
You worshipped Okawaru.
Okawaru was extremely pleased with you.
You visited 2 branches of the dungeon, and saw 12 of its levels.

You collected 514 gold pieces.

Inventory:

Hand Weapons
 C - a +1 flail of draining (weapon)
Missiles
 n - 13 poisoned darts (quivered)
 G - 6 boomerangs
 P - a throwing net
 Q - 5 javelins
Armour
 c - a +0 buckler (worn)
 p - a +2 helmet (worn)
 D - a +0 plate armour (worn)
 L - the +1 pair of gloves "Buthrute" (worn) {rN+ Int+6}
   (Okawaru gifted it to you on level 10 of the Dungeon)

   Int+6:     It affects your intelligence (+6).
   rN+:       It protects you from negative energy.
 O - a +0 pair of boots (worn)
Jewellery
 o - a +4 ring of protection (left hand)
 q - a ring of flight
 J - a ring of protection from fire
 K - a +6 ring of strength (right hand)
Wands
 H - a wand of paralysis (4)
Scrolls
 b - 2 scrolls of poison {unknown}
 f - 2 scrolls of fog {unknown}
 g - 4 scrolls of vulnerability {unknown}
 i - 6 scrolls of revelation {unknown}
 j - 2 scrolls of amnesia {unknown}
 k - 14 scrolls of identify {unknown}
 m - 2 scrolls of noise {unknown}
 s - 2 scrolls of immolation {unknown}
 t - 3 scrolls of blinking {unknown}
 v - 2 scrolls of teleportation {unknown}
 w - 3 scrolls of torment {unknown}
 x - 3 scrolls of silence {unknown}
 y - 2 scrolls of enchant armour {unknown}
 F - 2 scrolls of fear {unknown}
 M - a scroll of brand weapon {unknown}
 N - a scroll of enchant weapon {unknown}
Potions
 a - 2 potions of cancellation {unknown}
 d - 3 potions of might
 e - 2 potions of haste {unknown}
 h - a potion of ambrosia {unknown}
 l - 6 potions of curing {unknown}
 r - a potion of enlightenment {unknown}
 z - a potion of lignification {unknown}
 A - 3 potions of attraction {unknown}
 B - 3 potions of heal wounds {unknown}
 E - 2 potions of brilliance {unknown}
 I - a potion of degeneration {unknown}


   Skills:
 + Level 9.4 Fighting
 + Level 12.4 Maces & Flails
 + Level 0.3 Throwing
 + Level 9.5 Armour
 + Level 2.7 Dodging
 + Level 1.5 Stealth
 + Level 8.3 Shields


You had 10 spell levels left.
You didn't know any spells.
Your spell library contained the following spells:

 Spells                   Type           Power      Damage    Failure   Level
 Ozocubu's Armour         Ice            0%         N/A       100%        3
 Borgnjor's Vile Clutch   Necr/Erth      0%         N/A       100%        5
 Metabolic Englaciation   Hex/Ice        0%         N/A       100%        5
 Animate Dead             Necr           Unusable   N/A       N/A         4
 Death Channel            Necr           Unusable   N/A       N/A         6
 Simulacrum               Ice/Necr       Unusable   N/A       N/A         6

Dungeon Overview and Level Annotations

Branches:
Dungeon (11/15)            Temple (1/1) D:5            Lair (0/5) D:10
    Orc: D:9-12

Altars:
Ashenzari
Cheibriados
Dithmenos
Elyvilon
Fedhas
Gozag
Hepliaklqana
Kikubaaqudgha
Makhleb
Nemelex Xobeh
Okawaru
Qazlal
Ru
Sif Muna
Trog
Uskayaw
Vehumet
Wu Jian
Xom
Yredelemnul
Zin
The Shining One

Shops:
D:3 [   D:4 **!   D:10 (


Innate Abilities, Weirdness & Mutations

You are immune to sickness and miasma.
Your stone body is resilient. (AC +8)
You are immune to poison.
You resist negative energy. (rN+)
You are resistant to electric shocks. (rElec)
You are resistant to unholy torment.
You are immune to petrification.


Message History

The white ugly thing headbutts you but does no damage.
You see here a +0 club.
You closely miss the white ugly thing.
The white ugly thing headbutts you but does no damage.
You hit the white ugly thing but do no damage.
You drain the white ugly thing.
The white ugly thing is lightly wounded.
The white ugly thing headbutts you but does no damage.
You sock the white ugly thing! You drain the white ugly thing.
The white ugly thing is moderately wounded.
The white ugly thing barely misses you.
You barely miss the white ugly thing.
The white ugly thing is moderately wounded.
You closely miss the white ugly thing.
The white ugly thing is moderately wounded.
The white ugly thing headbutts you but does no damage.
You closely miss the white ugly thing.
The white ugly thing is moderately wounded.
The white ugly thing headbutts you but does no damage.
You hit the white ugly thing. You drain the white ugly thing.
The white ugly thing is moderately wounded.
The white ugly thing closely misses you.
You thump the white ugly thing! You drain the white ugly thing.
The white ugly thing is heavily wounded.
The white ugly thing headbutts you but does no damage.
You hit the white ugly thing but do no damage.
The white ugly thing is heavily wounded.
You sock the white ugly thing!
The white ugly thing is severely wounded.
The white ugly thing headbutts you! The white ugly thing freezes you!!
* * * LOW HITPOINT WARNING * * *
You sock the white ugly thing!
The white ugly thing is almost dead.
The white ugly thing closely misses you.
You hit the white ugly thing but do no damage.
The white ugly thing is almost dead.
The white ugly thing headbutts you.
* * * LOW HITPOINT WARNING * * *
The white ugly thing freezes you!
You die...

#...†.......#........
#...!#####. #........
#....# ######### #....#
.. #.^..# ##
#>....##..o#
#......#.o{#
#......###u#
#........#@# .....
#.......##.#
....###.......#..#
....#.........#..#####.
....#......####.........
######
....#.....^#...........#
#.....
....#......#...###.....#
#.....
....#'#+####...#.#####.+
#.....
...............#....
#.#####.....


You could see a white ugly thing (drained), an orc priest and an orc.

Vanquished Creatures
  Erolcha (D:9)
  Erica (D:9)
  Urug (D:10)
  Nergalle (D:9)
  A gargoyle (D:11)
  3 unseen horror zombies (D:8)
  2 trolls (D:11)
  2 komodo dragons
  5 slime creatures
  11 yaks
  A shadow (D:7)
  A vampire (D:10)
  A steam dragon (D:7)
  An acid dragon (D:11)
  2 water moccasins
  A black bear (D:10)
  3 ice beasts
  3 orc warriors
  An ogre (D:7)
  A centaur (D:8)
  4 bullfrogs
  A wyvern zombie (D:8)
  3 gnoll sergeants
  3 scorpions
  21 wights
  9 killer bees
  A jelly (D:6)
  2 electric eels (D:10)
  4 howler monkeys
  A centaur zombie (D:8)
  2 hounds
  2 gnoll boudas
  8 orc priests
  3 iguanas
  Natasha (thrice) (D:2)
  7 orc wizards
  A killer bee zombie (D:8)
  2 howler monkey zombies (D:8)
  Robin (D:3)
  30 gnolls
  4 adders
  A shadow imp (D:7)
  A white imp (D:6)
  3 worms
  6 dart slugs
  34 orcs
  8 ball pythons
  7 endoplasms
  4 giant cockroaches
  14 hobgoblins
  10 jackals
  4 quokkas
  5 bats
  6 frilled lizards
  12 goblins
  7 kobolds
  6 rats
283 creatures vanquished.

Vanquished Creatures (others)
  An orc wizard (D:11)
1 creature vanquished.

Grand Total: 284 creatures vanquished

Notes
Turn   | Place    | Note
-------+----------+-------------------------------------------
     0 | D:1      | AdnanSaban the Gargoyle Fighter began the quest for the
                  | Orb.
     0 | D:1      | Reached XP level 1. HP: 14/14 MP: 1/1
   161 | D:1      | Reached XP level 2. HP: 16/19 MP: 2/2
   851 | D:2      | Noticed Natasha
   861 | D:2      | Killed Natasha
   862 | D:2      | Reached XP level 3. HP: 23/24 MP: 3/3
   959 | D:2      | Reached XP level 4. HP: 29/29 MP: 4/4
   966 | D:2      | Noticed Natasha
   970 | D:2      | Killed Natasha
  1260 | D:2      | Noticed Natasha
  1271 | D:2      | Killed Natasha
  1272 | D:2      | Reached skill level 3 in Maces & Flails
  1272 | D:2      | Reached XP level 5. HP: 34/34 MP: 5/5
  1890 | D:3      | Found Luak's Armour Emporium.
  2136 | D:3      | Noticed Robin
  2144 | D:3      | Killed Robin
  2432 | D:3      | Found a faded altar of an unknown god.
  2722 | D:4      | Identified the +2 arbalest of Callousness {freeze, rPois
                  | rN+ Str+3}
  2750 | D:4      | Found Largh's General Store.
  2835 | D:4      | Reached XP level 6. HP: 38/39 MP: 6/6
  2900 | D:4      | Reached skill level 4 in Maces & Flails
  2913 | D:4      | Found Fainau's Assorted Antiques.
  2921 | D:4      | Reached skill level 1 in Dodging
  3159 | D:4      | Found Qamyrhik's Distillery.
  3484 | D:5      | Entered Level 5 of the Dungeon
  3530 | D:5      | Noticed an ice beast
  3600 | D:4      | Killed an ice beast
  3601 | D:4      | Reached skill level 5 in Fighting
  3608 | D:4      | Reached XP level 7. HP: 20/44 MP: 7/7
  3768 | D:4      | Reached skill level 5 in Maces & Flails
  4029 | D:5      | Found a staircase to the Ecumenical Temple.
  4041 | D:5      | Reached skill level 5 in Armour
  4059 | Temple   | Entered the Ecumenical Temple
  4073 | Temple   | Became a worshipper of Warmaster Okawaru
  4486 | D:6      | Reached XP level 8. HP: 41/50 MP: 8/8
  4507 | D:6      | Reached skill level 6 in Maces & Flails
  4791 | D:6      | Reached * piety under Okawaru
  4835 | D:6      | Reached skill level 7 in Maces & Flails
  5362 | D:7      | Found a white marble altar of Elyvilon.
  5453 | D:7      | Noticed a shadow
  5457 | D:7      | Killed a shadow
  5457 | D:7      | Reached ** piety under Okawaru
  5458 | D:7      | Reached skill level 5 in Shields
  5502 | D:7      | Reached skill level 1 in Stealth
  5688 | D:7      | Reached XP level 9. HP: 55/55 MP: 9/9
  5707 | D:7      | Reached skill level 8 in Maces & Flails
  6458 | D:8      | Reached *** piety under Okawaru
  6519 | D:8      | Reached skill level 9 in Maces & Flails
  6843 | D:8      | Reached XP level 10. HP: 63/63 MP: 10/10
  7122 | D:8      | Reached **** piety under Okawaru
  7123 | D:8      | Reached skill level 10 in Maces & Flails
  7948 | D:9      | Reached ***** piety under Okawaru
  7967 | D:9      | Reached skill level 11 in Maces & Flails
  8175 | D:9      | Reached XP level 11. HP: 64/69 MP: 11/11
  8444 | D:10     | Entered Level 10 of the Dungeon
  8444 | D:10     | Noticed Urug
  8456 | D:10     | Killed Urug
  8469 | D:10     | Noticed Erolcha
  8472 | D:10     | Noticed Nergalle
  8686 | D:10     | Identified the +1 pair of gloves "Buthrute" {rN+ Int+6}
                  | (Okawaru gifted it to you on level 10 of the Dungeon)
  8686 | D:10     | Received a gift from Okawaru
  8933 | D:10     | Noticed Erica
  8967 | D:9      | Killed Erica
  9214 | D:9      | Killed Nergalle
  9215 | D:9      | Reached skill level 12 in Maces & Flails
  9640 | D:9      | Killed Erolcha
  9665 | D:10     | Found Edwipt's Weapon Shoppe.
  9805 | D:10     | Found a staircase to the Lair.
 10661 | D:11     | Noticed a white ugly thing
 10690 | D:11     | Slain by a white ugly thing

Illustrated notes

Levels and vault maps discovered:
D:1:      sevenhm_arrival_forest_fort_large_4, layout_basic, st_stairs_4
D:2:      layout_loops_cross, kennysheep_generic_room_2, uniq_natasha
D:3:      layout_loops_ring, serial_shops, shop,
          shapermc_ecumenical_altar_petra, hangedman_abyss_or_decor_lesser_grid,
          minmay_cupped, uniq_robin
D:4:      layout_loops_ring, serial_shops, nicolae_shop_tiny_glass,
          nicolae_shop_just_a_little_nook, shop
D:5:      layout_cave_pools, minmay_temple_entry_large_hall
D:6:      layout_gridville, chequers_avenue
D:7:      layout_loops_corners, nicolae_elyvilon_peaceful_grove
D:8:      layout_basic, serial_undead, serial_undead_b, serial_undead_f,
          serial_undead_e, serial_undead_a, serial_undead_b, serial_undead_a
D:9:      layout_small_grid, chequers_serial_rivers_micro_e
D:10:     layout_basic, grunt_lair_entry_orc_guard_hut, serial_shops,
          nicolae_shop_behind_doors, nicolae_letterblocks
          [nicolae_letter_subblock, nicolae_letter_subblock,
          nicolae_letter_subblock, nicolae_letter_subblock,
          nicolae_letter_subblock, nicolae_letter_subblock,
          nicolae_letter_subblock, nicolae_letter_subblock,
          nicolae_letter_subblock, nicolae_letter_subblock,
          nicolae_letter_subblock, nicolae_letter_subblock,
          nicolae_letter_subblock, nicolae_letter_subblock,
          nicolae_letter_subblock, nicolae_letter_subblock,
          nicolae_letter_subblock, nicolae_letter_subblock,
          nicolae_letter_subblock, nicolae_letter_subblock,
          nicolae_letter_subblock, nicolae_letter_subblock,
          nicolae_letter_subblock, nicolae_letter_subblock,
          nicolae_letter_subblock], uniq_nergalle, uniq_erica, uniq_urug,
          uniq_erolcha
D:11:     layout_irregular_city
Temple:   roderic_octagonal_lattice_temple

Skill      XL: |  1  2  3  4  5  6  7  8  9 10 11 |
---------------+----------------------------------+-----
Fighting       | 4 5 6 7 8 9 |  9.4
Maces & Flails | 3 4 5 7 9 11 12 | 12.4
Armour         | 4 5 7 8 9 |  9.5
Dodging        | 1 2 |  2.7
Shields        | 4 5 7 8 |  8.3
Stealth        | 1 |  1.5
Throwing       | |  0.3

Action                     |  1- 3 |  4- 6 |  7- 9 | 10-12 || total
---------------------------+-------+-------+-------+-------++-------
  Melee: Flail             |    87 |   289 |   404 |   539 ||  1319
  Throw: Dart              |       |       |       |     5 ||     5
 Armour: Scale mail        |    51 |    95 |       |       ||   146
         Chain mail        |       |   100 |    69 |       ||   169
         Plate armour      |       |       |   299 |   390 ||   689
  Dodge: Dodged            |    39 |   127 |   150 |   187 ||   503
  Block: Buckler           |    22 |    75 |    91 |   119 ||   307

Table legend: (Time is in decaauts)
 A = Elapsed time spent in this place.
 B = Non-inter-level travel time spent in this place.
 C = Inter-level travel time spent in this place.
 D = Time resting spent in this place.
 E = Time spent auto-exploring this place.
 F = Levels seen in this place.
 G = Mean time per level.
                   A        B        C        D        E       F      G
               +--------+--------+--------+--------+--------+-----+--------+
         Total |  10785 |  10384 |    401 |   1038 |   6750 |  12 |  898.8 |
       Dungeon |  10757 |  10382 |    375 |   1038 |   6750 |  11 |  977.9 |
        Temple |     28 |      2 |     26 |      0 |      0 |   1 |   28.0 |
               +--------+--------+--------+--------+--------+-----+--------+

Top non-repeatable levels by time:
     D:9: 1556 daAuts
     D:7: 1387 daAuts
     D:8: 1321 daAuts
     D:4: 1131 daAuts
     D:1: 979 daAuts
    D:10: 966 daAuts
     D:2: 946 daAuts
     D:3: 848 daAuts
     D:5: 612 daAuts
     D:6: 579 daAuts
    D:11: 427 daAuts
  Temple: 28 daAuts
